 Dungeon Crawl Stone Soup version 0.24.1-5-g77f818bfca (webtiles) character file.

Game seed: 9917255827297073522, levelgen mode: deterministic

41 nightchill the Ruffian (level 3, -5/29 HPs)
             Began as a Draconian Transmuter on Apr 23, 2020.
             Killed from afar by Ijyb (11 damage)
             ... with an iceblast
             ... on level 3 of the Dungeon.
             The game lasted 00:05:21 (2651 turns).

nightchill the Ruffian (Draconian Transmuter)       Turns: 2651, Time: 00:05:22

Health: -5/29      AC:  5    Str: 13    XL:     3   Next: 32%
Magic:  6/6        EV: 12    Int: 13    God:
Gold:   40         SH:  0    Dex: 11    Spells: 3/6 levels left

rFire    . . .     SeeInvis .     - Unarmed
rCold    . . .     Gourm    .   (no shield)
rNeg     . . .     Faith    .   (armour unavailable)
rPois    .         Spirit   .   (helmet restricted)
rElec    .         Reflect  .   (no cloak)
rCorr    .         Harm     .   (no gloves)
MR       .....                  (no boots)
Stlth    +.........             (no amulet)
HPRegen  0.09/turn              (no ring)
MPRegen  0.10/turn              (no ring)

@: no status effects
A: unfitting armour, cold-blooded, AC +5
a: no special abilities


You were on level 3 of the Dungeon.
You were not hungry.

You visited 1 branch of the dungeon, and saw 3 of its levels.

You collected 40 gold pieces.

Inventory:

Missiles
 a - 43 arrows
 g - 10 sling bullets
 j - 8 poisoned darts (quivered)
 m - 30 stones
 s - 7 javelins
Armour
 h - a +0 shield
 p - a +0 buckler
Jewellery
 q - an uncursed ring of positive energy
Scrolls
 b - a scroll of fog {unknown}
 d - 3 scrolls of teleportation {unknown}
 e - a scroll of identify {unknown}
 f - a scroll of enchant armour {unknown}
 i - 2 scrolls of magic mapping {unknown}
 k - a scroll of enchant weapon {unknown}
 n - a scroll of random uselessness {unknown}
Potions
 l - a potion of lignification {unknown}
 o - a potion of curing {unknown}
 r - 2 potions of mutation {unknown}
Comestibles
 c - 3 rations
 t - 4 chunks of flesh


   Skills:
 + Level 1.8 Fighting
 - Level 1.7 Dodging
 * Level 3.6 Unarmed Combat
 - Level 2.0 Spellcasting
 * Level 2.8 Transmutations


You had 3 spell levels left.
You knew the following spells:

 Your Spells              Type           Power        Failure   Level  Hunger
a - Beastly Appendage     Tmut           #.....       8%          1    ##.....
b - Sticks to Snakes      Tmut           #.......     12%         2    ###....

Your spell library contained the following spells:

 Spells                   Type           Power        Failure   Level  Hunger
 Spider Form              Tmut/Pois      #.........   38%         3    ####...
 Ice Form                 Ice/Tmut       #.......     80%         4    #####..
 Blade Hands              Tmut           #.........   91%         5    ######.


Dungeon Overview and Level Annotations

Branches:
Dungeon (3/15)

Altars:

Annotations:
D:2 Robin
D:3 Ijyb


Innate Abilities, Weirdness & Mutations

Your plain brown scales are hard. (AC +5)
You cannot fit into any form of body armour.
You are cold-blooded and may be slowed by cold attacks.


Message History

Throwing (i - inventory. (/) - cycle)
j - 10 poisoned darts (quivered)
Press: ? - help, Shift-Dir - straight line, f/p - Ijyb
Aim: Ijyb, wielding a -2 club, wearing a +2 chain mail of poison resistance and carrying a wand of iceblast (8) (lightly wounded, poisoned)
You throw a poisoned dart. The poisoned dart hits Ijyb.
Ijyb looks even sicker.
Ijyb is lightly wounded.
Throwing (i - inventory. (/) - cycle)
j - 9 poisoned darts (quivered)
Press: ? - help, Shift-Dir - straight line, f/p - Ijyb
Aim: Ijyb, wielding a -2 club, wearing a +2 chain mail of poison resistance and carrying a wand of iceblast (8) (lightly wounded, poisoned)
You throw a poisoned dart.
The poisoned dart completely misses Ijyb.
Ijyb zaps a wand.
The mass of ice explodes!
The iceblast engulfs you!!
Ouch! That really hurt!
* * * LOW HITPOINT WARNING * * *
The iceblast engulfs your ball python!
Your ball python dies!
You see here an adder skeleton.
Things that are here:
a +0 mace; a spear; a bat skeleton Ijyb zaps a wand.
The mass of ice explodes!
The iceblast engulfs you!
You die...

# ##. #.### #...
...## #..# #..#
#..# #@# ..#
#)####.# . #..##..#
... ##...)#
.(?..#####g.#
(.(...g?.#..##
.?..####.รท...#####
# ###.(.%...#
#...####....


You could see Ijyb.

Vanquished Creatures
  An adder (D:3)
  An orc (D:3)
  5 goblins
  4 hobgoblins (D:2)
  3 jackals (D:2)
  A kobold (D:2)
  A quokka (D:2)
  2 ball pythons (D:2)
  4 bats
  3 rats
25 creatures vanquished.

Vanquished Creatures (collateral kills)
  An adder (D:2)
  A rat (D:2)
2 creatures vanquished.

Grand Total: 27 creatures vanquished

Notes
Turn   | Place    | Note
-------+----------+-------------------------------------------
     0 | D:1      | nightchill the Draconian Transmuter began the quest for the
                  | Orb.
     0 | D:1      | Reached XP level 1. HP: 16/16 MP: 3/3
  1384 | D:2      | Reached XP level 2. HP: 18/23 MP: 3/5
  1392 | D:2      | Learned a level 2 spell: Sticks to Snakes
  2217 | D:2      | Noticed Robin
  2254 | D:2      | Reached XP level 3. HP: 19/29 MP: 1/6
  2639 | D:3      | Noticed Ijyb
  2651 | D:3      | Killed from afar by Ijyb

Levels and vault maps discovered:
D:1:      ebering_hopf_link, layout_loops_corners
D:2:      layout_loops_cross, minmay_misc_feat_room, minmay_ruptured, uniq_robin
D:3:      layout_rooms, first_ration, uniq_ijyb

Action                   || total
-------------------------++-------
Melee: Unarmed           ||    94
       Kick              ||     9
       Tailslap          ||     3
       Headbutt          ||     3
       Punch             ||     2
Throw: Dart              ||    14
 Cast: Beastly Appendage ||    18
       Sticks to Snakes  ||     7
  Eat: Chunk             ||     6
Armor: Skin              ||    23
Dodge: Dodged            ||    64
